 Dungeon Crawl Stone Soup version 0.29.0-11-gd7f09526c8 (console) character file.

Game seed: 1249822849841094889

91 odiv the Magician (level 4, -6/33 HPs)
             Began as a Djinni Warper on Sept 4, 2022.
             Mangled by an orc
             ... wielding a +0 flail
              (10 damage)
             ... on level 3 of the Dungeon.
             The game lasted 00:03:57 (2498 turns).

odiv the Magician (Djinni Warper)                   Turns: 2498, Time: 00:03:57

Health: -6/33      AC:  3    Str: 10    XL:     4   Next: 87%
Gold:   152        EV: 11    Int: 16    God:
                   SH:  0    Dex: 13

rFire   + + .      SeeInvis .   a - +0 mace (vorpal)
rCold   x . .      Faith    .   (no shield)
rNeg    . . .      Spirit   .   n - +0 leather armour
rPois   ∞          Reflect  .   (no helmet)
rElec   .          Harm     .   (no cloak)
rCorr   .          Rampage  .   (no gloves)
Will    .....                   (boots unavailable)
Stlth   +.........              (no amulet)
HPRegen 0.11/turn               (no ring)
MPRegen 0.00/turn               (no ring)

@: flying
A: sickness immunity, fire resistance 2, cold vulnerability 1, float, innate
caster, HP casting, extra vitality 1
a: no special abilities


You were on level 3 of the Dungeon.
You visited 1 branch of the dungeon, and saw 3 of its levels.

You collected 152 gold pieces.

Inventory:

Hand Weapons
 a - a +0 vorpal mace (weapon)
 b - a +0 sling
 o - a +0 falchion
Missiles
 d - 3 boomerangs of dispersal
 j - 11 stones (quivered)
Armour
 n - a +0 leather armour (worn)
Scrolls
 c - a scroll of blinking
 e - 2 scrolls of amnesia {unknown}
 f - 2 scrolls of identify {unknown}
 h - 2 scrolls of immolation {unknown}
 k - a scroll of vulnerability {unknown}
 m - a scroll of magic mapping {unknown}
Potions
 g - 2 potions of cancellation {unknown}
 i - 3 potions of mutation {unknown}
 l - a potion of degeneration {unknown}


   Skills:
 - Level 2.0 Fighting
 - Level 1.7 Long Blades
 - Level 0.7 Throwing
 - Level 1.0 Armour
 - Level 2.1 Dodging
 + Level 4.0 Spellcasting


You couldn't memorise any spells.
You knew the following spells:

 Your Spells              Type           Power      Damage    Failure   Level
a - Lesser Beckoning      Tloc           16%        N/A       13%         3
b - Blink                 Tloc           32%        N/A       6%          2
c - Gell's Gravitas       Tloc           16%        N/A       13%         3
d - Teleport Other        Tloc           16%        N/A       13%         3
e - Manifold Assault      Tloc           16%        N/A       75%         5
f - Sandblast             Erth           32%        2d9       4%          1
Your spell library was empty.

Dungeon Overview and Level Annotations

Branches:
Dungeon (3/15)

Altars:


Innate Abilities, Weirdness & Mutations

You are immune to sickness and miasma.
You are immune to poison.
Your flesh is very heat resistant. (rF++)
You are vulnerable to cold. (rC-)
You float through the air rather than walking.
You learn spells naturally, not from books.
Your magical power is your life essence.
You have superior vitality. (+4 MHP)


Message History

Aiming: Sandblast (safe; 4% risk of failure)
Press: ? - help, Shift-Dir - straight line, f - orc priest, p - orc
Aim: an orc priest, wielding a +0 flail (82% to hit)
The blast of sand hits the orc.
The orc is severely wounded.
The orc priest calls upon Beogh to heal the orc.
The orc's wounds heal themselves!
The orc hits you with a +0 flail.
You hear a shout! x2
Casting: Sandblast (safe; 4% risk of failure)
Confirm with . or Enter, or press ? or * to list all spells.
Aiming: Sandblast (safe; 4% risk of failure)
Press: ? - help, Shift-Dir - straight line, f/p - orc priest
Aim: an orc priest, wielding a +0 flail (82% to hit)
The blast of sand hits the orc.
The orc is severely wounded.
The orc hits you with a +0 flail!
The orc priest begins to cast a cantrip, but forgets the words!
Casting: Sandblast (safe; 4% risk of failure)
Confirm with . or Enter, or press ? or * to list all spells.
Aiming: Sandblast (safe; 4% risk of failure)
Press: ? - help, Shift-Dir - straight line, f/p - orc priest
Aim: an orc priest, wielding a +0 flail (82% to hit)
The blast of sand hits the orc priest.
The orc priest is heavily wounded.
The orc priest calls down the wrath of Beogh upon you.
Beogh smites you!
* * * LOW HITPOINT WARNING * * *
An orc comes into view. It is wielding a +0 flail.
The orc hits you but does no damage.
An orc comes into view. It is wielding a +0 flail.
Casting: Sandblast (safe; 4% risk of failure)
Confirm with . or Enter, or press ? or * to list all spells.
Aiming: Sandblast (safe; 4% risk of failure)
Press: ? - help, Shift-Dir - straight line, f/p - orc priest
Aim: an orc priest, wielding a +0 flail (heavily wounded, 82% to hit)
The blast of sand hits the orc priest!
You kill the orc priest!
* * * LOW HITPOINT WARNING * * *
The orc hits you with a +0 flail!
You die... ............... # ........####### #.# ............... ##...#### .........###### ..).....## .........†...#. .....o†o.## ............... .......#..##########.#.###.#. .......##.##....# #.#..<#[#. oo.....

#.o#@o..#
#.#####.##
.......###.#....#
#.........
#######.....)...#
#######.##
#....#.÷..# #...
#..o.###[##
######. #..o.#
#.)#######......
####....#
##.......#.####.
#.......#
#.......#.# #.
#....####
#.......#.####.


You could see 3 orcs.

Vanquished Creatures
  An orc priest (D:3)
  Jessica (D:3)
  2 adders
  An orc (D:3)
  3 bats
  6 endoplasms
  2 giant cockroaches (D:1)
  3 goblins
  4 hobgoblins
  3 jackals (D:2)
  A quokka (D:3)
  4 ball pythons
  3 frilled lizards (D:2)
  4 kobolds
  5 rats
43 creatures vanquished.

Notes
Turn   | Place    | Note
-------+----------+-------------------------------------------
     0 | D:1      | odiv the Djinni Warper began the quest for the Orb.
     0 | D:1      | odiv set off with the following spells memorised: Blink,
                  | Lesser Beckoning, Gell's Gravitas, Teleport Other, Manifold
                  | Assault.
     0 | D:1      | Reached XP level 1. HP: 18/18 MP: 0/0
   135 | D:1      | Reached XP level 2. HP: 3/23 MP: 0/0
   841 | D:1      | Reached skill level 3 in Spellcasting
   912 | D:1      | Found a faded altar of an unknown god.
  1399 | D:2      | Reached XP level 3. HP: 28/28 MP: 0/0
  1399 | D:2      | Learned a level 1 spell: Sandblast
  2045 | D:3      | Reached XP level 4. HP: 32/33 MP: 0/0
  2102 | D:3      | Noticed Jessica
  2106 | D:3      | Killed Jessica
  2420 | D:3      | Reached skill level 4 in Spellcasting
  2498 | D:3      | Mangled by an orc

Illustrated notes

Levels and vault maps discovered:
D:1:      nzn_arrival_water_spiral, layout_basic, ebering_ecumenical_altar_hall
D:2:      layout_rooms, minmay_stone_trees_small, minmay_tromino_mix6
D:3:      layout_basic, uniq_jessica

Skill      XL: |  1  2  3  4 |
---------------+-------------+-----
Spellcasting   | 3 4 |  4.0
Fighting       | |  2.0
Long Blades    | |  1.7
Throwing       | |  0.7
Armour         | |  1.0
Dodging        | |  2.1

Action                   |  1- 3 |  4- 6 || total
-------------------------+-------+-------++-------
Melee: Falchion          |    56 |       ||    56
 Fire: Sling             |     1 |    13 ||    14
Throw: Boomerang         |     4 |       ||     4
       Stone             |     2 |       ||     2
 Cast: Sandblast         |    20 |    13 ||    33
 Stab: Sleeping          |     1 |       ||     1
Armor: Leather armour    |    22 |     2 ||    24
Dodge: Dodged            |    46 |     3 ||    49
